 Dungeon Crawl Stone Soup version 0.26-a0-1213-gd52f5182fe (webtiles) character file.

Game seed: 7491748425265733

10834 Mesmaeker13 the Reanimator (level 11, 0/68 HPs)
             Began as a Mummy Necromancer on Dec 30, 2020.
             Was a Believer of Nemelex Xobeh.
             Slain by a wolf (5 damage)
             ... on level 1 of the Lair of Beasts.
             The game lasted 00:32:01 (14301 turns).

Mesmaeker13 the Reanimator (Mummy Necromancer)     Turns: 14301, Time: 00:32:01

Health: 0/68       AC:  8    Str: 11    XL:     11   Next: 41%
Magic:  3/31       EV: 16    Int: 18    God:    Nemelex Xobeh [**....]
Gold:   571        SH:  7    Dex: 13    Spells: 11/25 levels left

rFire    . . .     SeeInvis .   j - +9 trident of the Smoking Seeker {chaos, rPois rC++}
rCold    + + +     Faith    .   a - +2 buckler
rNeg     + + +     Spirit   .   v - +1 leather armour {rF+}
rPois    ∞         Reflect  .   y - +2 helmet
rElec    .         Harm     .   t - +0 cloak
rCorr    .         Rampage  .   (no gloves)
Will     +....                  (no boots)
Stlth    ++........             (no amulet)
HPRegen  0.21/turn              g - ring of magical power
MPRegen  0.22/turn              (no ring)

@: no status effects
A: no potions, fire vulnerability, cold resistance 1, negative energy resistance
3, torment resistance, unbreathing
a: Renounce Religion, Draw Escape, Draw Destruction, Draw Summoning


You were on level 1 of the Lair of Beasts.
You worshipped Nemelex Xobeh.
Nemelex Xobeh was pleased with you.
You visited 3 branches of the dungeon, and saw 12 of its levels.
You also visited: Bailey.

You collected 571 gold pieces.

Inventory:

Hand Weapons
 j - the +9 trident of the Smoking Seeker (weapon) {chaos, rPois rC++}
   (You took it off an orc on level 4 of the Dungeon)

   Each time it hits an enemy it has a different, random effect.
   It greatly protects you from cold.
   It protects you from poison.
 u - a +1 war axe of electrocution
Missiles
 i - a throwing net
 k - 17 poisoned darts (quivered)
Armour
 a - a +2 buckler (worn)
 n - +1 acid dragon scales
 t - a +0 cloak (worn)
 v - a +1 leather armour of fire resistance (worn)
 x - +0 steam dragon scales
 y - a +2 helmet (worn)
Jewellery
 g - a ring of magical power (left hand)
 z - an uncursed ring of ice
Wands
 p - a wand of flame (2)
Scrolls
 b - a scroll of amnesia
 c - a scroll of vulnerability
 d - 8 scrolls of remove curse
 e - 2 scrolls of silence
 f - 3 scrolls of fog
 h - 4 scrolls of magic mapping
 l - a scroll of blinking
 m - a scroll of enchant armour
 r - 2 scrolls of teleportation
 s - a scroll of immolation
 w - 2 scrolls of noise {unknown}


   Skills:
 + Level 8.2 Dodging
 - Level 1.5 Stealth
 - Level 4.0 Shields
 - Level 7.5 Spellcasting
 + Level 10.6 Necromancy
 + Level 7.6 Ice Magic
 + Level 0.3 Invocations


You had 11 spell levels left.
You knew the following spells:

 Your Spells              Type           Power        Failure   Level
a - Pain                  Necr           100%         1%          1
b - Vampiric Draining     Necr           22%          1%          3
c - Animate Dead          Necr           22%          1%          4
d - Ozocubu's Armour      Ice            34%          1%          3
e - Frozen Ramparts       Ice            68%          1%          3

Your spell library contained the following spells:

 Spells                   Type           Power        Failure   Level
 Animate Skeleton         Necr           90%          1%          1
 Freeze                   Ice            100%         1%          1
 Agony                    Necr           45%          4%          5
 Hailstorm                Conj/Ice       20%          28%         4
 Summon Ice Beast         Ice/Summ       20%          28%         4


Dungeon Overview and Level Annotations

Branches:
Dungeon (10/15)            Temple (1/1) D:6            Lair (1/6) D:8
    Orc (0/2) D:10         Bailey (visited)

Altars:
Ashenzari
Cheibriados
Dithmenos
Elyvilon
Fedhas
Gozag
Hepliaklqana
Kikubaaqudgha
Makhleb
Nemelex Xobeh
Okawaru
Qazlal
Ru
Sif Muna
Trog
Uskayaw
Vehumet
Wu Jian
Xom
Yredelemnul
Zin
The Shining One

Shops:
D:6 }   D:7 =

Annotations:
Lair:1 Harold


Innate Abilities, Weirdness & Mutations

You do not drink.
Your flesh is vulnerable to fire.
You are immune to poison.
Your flesh is cold resistant. (rC+)
You are immune to negative energy. (rN+++)
You are immune to unholy pain and torment.
You can survive without breathing.


Message History

Your wolf zombie closely misses the wolf.
The wolf barely misses your wolf zombie.
Harold the Weathered comes into view.
He is wielding a +0 battleaxe.
The wolf bites your wolf zombie!
Your wolf zombie is destroyed!
Your surroundings suddenly seem different.
A wolf comes into view.
The wolf howls!
A wolf comes into view.
The wolf howls!
A wolf comes into view.
The wolf howls!
A wolf comes into view.
The wolf howls!
You hear a howl!
A wolf comes into view.
The wolf howls!
Found a shiny iron wand and 7 stones.
The wolf bites you.
You die...
Your body disappears without a glow.

#.................
##......††...........
#....####.##.........
##hh## ####.........
#...# #......$ .
#####...# #....... ..
.......## #....♣♣♣...
.......# #....♣.....
.......# #.@h.......
.......# #....h.....
.@.....# #.♣.......8
.......# #./..h..8..
.......# #..........
.......# ...........
#.h...h8...(
#..........h
............


You could see 5 wolves.

Vanquished Creatures
  A cyclops (D:10)
  Maurice (D:8)
  3 komodo dragons
  2 trolls (D:10)
  A queen bee (D:10)
  3 wyverns
  4 yaks (Lair:1)
  A basilisk (D:8)
  A wraith (D:10)
  Menkaure (D:6)
  A steam dragon (D:8)
  10 orc warriors
  3 sky beasts
  A black bear (D:10)
  A phantom (D:8)
  2 necrophages
  3 ice beasts
  An eye of draining (D:10)
  9 wolves (Lair:1)
  2 centaurs
  5 ogres
  A big kobold (D:10)
  2 bullfrogs
  2 gnoll sergeants (D:10)
  Blork the orc (D:6)
  22 killer bees (D:10)
  3 wights (D:8)
  An electric eel (Lair:1)
  2 howler monkeys
  A quasit (D:10)
  6 orc priests
  Crazy Yiuf (D:6)
  A hound (D:4)
  2 jellies
  A centaur skeleton (D:9)
  14 orc wizards
  6 iguanas
  6 worker ants
  A killer bee zombie (D:8)
  2 hound skeletons
  2 howler monkey zombies
  11 adders
  8 gnolls
  4 shadow imps
  2 white imps
  An ooze (D:3)
  3 ufetubi
  2 adder skeletons
  A worm (D:2)
  4 dart slugs
  4 leopard geckos (D:2)
  61 orcs
  4 ball pythons
  9 bats
  2 giant cockroaches (D:1)
  7 goblins
  18 hobgoblins
  4 jackals (D:3)
  2 quokkas
  11 frilled lizards
  21 kobolds
  A leopard gecko skeleton (D:5)
  7 rats
320 creatures vanquished.

Vanquished Creatures (collateral kills)
  An orc knight (Bailey)
  A troll (D:7)
  A basilisk (D:8)
  An orc warrior (Bailey)
  A centaur (D:9)
  A killer bee (D:10)
  An orc wizard (D:10)
  6 orcs
13 creatures vanquished.

Vanquished Creatures (others)
  A fungus (Lair:1)
1 creature vanquished.

Grand Total: 334 creatures vanquished

Notes
Turn   | Place    | Note
-------+----------+-------------------------------------------
     0 | D:1      | Mesmaeker13 the Mummy Necromancer began the quest for the
                  | Orb.
     0 | D:1      | Reached XP level 1. HP: 13/13 MP: 4/4
   468 | D:1      | Reached XP level 2. HP: 19/19 MP: 3/6
  1347 | D:2      | Reached XP level 3. HP: 18/24 MP: 0/7
  1351 | D:2      | Learned a level 3 spell: Vampiric Draining
  1900 | D:2      | Found a sacrificial altar of Ru.
  1957 | D:2      | Found a hazy altar of Hepliaklqana.
  2707 | D:3      | Reached XP level 4. HP: 26/30 MP: 9/9
  3241 | D:3      | You fall into a shaft and drop 3 floors!
  3250 | D:5      | Entered Level 5 of the Dungeon
  3275 | D:5      | Learned a level 4 spell: Animate Dead
  3334 | D:5      | Noticed a centaur
  3347 | D:5      | Reached skill level 1 in Shields
  3897 | D:5      | Reached XP level 5. HP: 35/35 MP: 11/11
  4050 | D:4      | Reached skill level 5 in Necromancy
  4178 | D:3      | Found a glowing golden altar of the Shining One.
  4179 | D:3      | Found a white marble altar of Elyvilon.
  4180 | D:3      | Found a glowing silver altar of Zin.
  4971 | D:3      | Found a basalt altar of Yredelemnul.
  4972 | D:3      | Found a burning altar of Makhleb.
  5097 | D:4      | Reached XP level 6. HP: 15/41 MP: 7/13
  5142 | D:4      | Identified the +9 trident of the Smoking Seeker {chaos,
                  | rPois rC++}
  5153 | D:4      | Reached skill level 5 in Spellcasting
  6363 | D:5      | Reached XP level 7. HP: 39/46 MP: 15/15
  6472 | D:5      | Reached skill level 6 in Necromancy
  7176 | D:6      | Learned a level 3 spell: Ozocubu's Armour
  7334 | D:6      | Found a snail-covered altar of Cheibriados.
  7349 | D:6      | Noticed Menkaure
  7356 | D:6      | Killed Menkaure
  7357 | D:6      | Reached XP level 8. HP: 40/52 MP: 18/18
  7428 | D:6      | Found Odar's Gadget Shop.
  7490 | D:6      | Found a runed translucent door.
  7491 | D:6      | Noticed Crazy Yiuf
  7511 | D:6      | Found a staircase to the Ecumenical Temple.
  7672 | D:6      | Noticed Blork the orc
  7681 | D:6      | Killed Blork the orc
  7694 | D:6      | Found an opulent altar of Gozag.
  7838 | D:6      | Killed Crazy Yiuf
  7839 | D:6      | Reached skill level 7 in Necromancy
  7926 | Temple   | Entered the Ecumenical Temple
  7956 | Temple   | Became a worshipper of Nemelex Xobeh the Trickster
  8115 | D:7      | Found a broken altar of Ashenzari.
  8366 | D:7      | Found Qakaav's Jewellery Boutique.
  8514 | D:8      | Found a flagged portal.
  8543 | D:8      | Reached skill level 1 in Ice Magic
  8578 | Bailey   | Entered a bailey
  8684 | Bailey   | Reached * piety under Nemelex Xobeh
  8684 | Bailey   | Received a gift from Nemelex Xobeh
  8795 | Bailey   | Learned a level 3 spell: Frozen Ramparts
  8797 | Bailey   | Noticed an orc knight
  8814 | Bailey   | Killed an orc knight
  8815 | Bailey   | Reached XP level 9. HP: 32/57 MP: 15/20
  9141 | D:8      | Noticed Maurice
  9171 | D:8      | Reached skill level 5 in Dodging
  9173 | D:8      | Killed Maurice
  9179 | D:8      | Found an iron altar of Okawaru.
  9427 | D:8      | Reached skill level 8 in Necromancy
  9584 | D:8      | Found a shimmering blue altar of Sif Muna.
  9925 | D:8      | Noticed a komodo dragon
  9973 | D:8      | Killed a komodo dragon
  9974 | D:8      | Reached skill level 5 in Ice Magic
 10397 | D:8      | Reached XP level 10. HP: 47/63 MP: 21/21
 10420 | D:8      | Found a staircase to the Lair.
 10771 | D:7      | Reached skill level 9 in Necromancy
 11666 | D:9      | Found a broken altar of Ashenzari.
 11682 | D:9      | Reached ** piety under Nemelex Xobeh
 11803 | D:10     | Entered Level 10 of the Dungeon
 12044 | D:10     | Found a staircase to the Orcish Mines.
 12480 | D:10     | Reached skill level 10 in Necromancy
 12490 | D:10     | Reached XP level 11. HP: 49/68 MP: 14/22
 13360 | D:10     | Identified the +11 hunting sling "Gastyl" {flame, Int+2}
 14013 | Lair:1   | Entered Level 1 of the Lair of Beasts
 14299 | Lair:1   | Noticed Harold
 14301 | Lair:1   | Slain by a wolf

Illustrated notes

Levels and vault maps discovered:
D:1:      scummos_arrival_forest, layout_loops_ring
D:2:      layout_loops_ring, nzn_hepliaklqana_mist_gate, hangedman_ru_absence
D:3:      layout_basic, good_gods_temple_1, gammafunk_temple_overflow_statue,
          moated_statue
D:4:      layout_loops_cross, saegor_snake_ambush
D:5:      layout_gridville
D:6:      layout_cave_pools, old_standard_altar, minmay_temple_entry_glass,
          serial_shops, shop, serial_rivers, chequers_serial_rivers_micro_d,
          chequers_serial_rivers_small_b, chequers_serial_rivers_room_b,
          chequers_serial_rivers_small_3, chequers_serial_rivers_micro_e,
          chequers_serial_rivers_small_b, chequers_serial_rivers_micro_b,
          minmay_misc_feat_more_columns, minivault_19, kennysheep_slug_shrine,
          uniq_blork_the_orc, uniq_menkaure, uniq_crazy_yiuf_cottage
D:7:      layout_cave_pools, serial_shops, kennysheep_mini,
          nicolae_ashenzari_panopticon
D:8:      layout_loops_ring, lemuel_doored_altar, erik_lair_dragon,
          enter_bailey_2, tgw_sif, uniq_maurice
D:9:      layout_gridville, lemuel_round_altar
D:10:     layout_roguey [special_room_bee],
          kennysheep_orc_monster_closet_entryway, minmay_misc_feat_plants
Temple:   minmay_temple_bridge_abc
Lair:1:   layout_long_grid, grunt_forest_large_clearings,
          infiniplex_staircase_pool, serial_bayou_shore_b, uniq_harold

Skill      XL: |  1  2  3  4  5  6  7  8  9 10 11 |
---------------+----------------------------------+-----
Spellcasting   | 3 4 5 7 |  7.5
Dodging        | 2 4 6 7 8 |  8.2
Shields        | 1 2 4 |  4.0
Necromancy     | 5 6 7 8 10 | 10.6
Ice Magic      | 3 5 6 7 |  7.6
Stealth        | |  1.5
Invocations    | |  0.3

Action                   |  1- 3 |  4- 6 |  7- 9 | 10-12 || total
-------------------------+-------+-------+-------+-------++-------
Melee: Unarmed           |    14 |       |       |       ||    14
       Spear             |     4 |     9 |       |       ||    13
       Trident           |       |    20 |   117 |   156 ||   293
Throw: Throwing net      |       |       |     1 |     1 ||     2
       Dart              |       |       |       |     5 ||     5
 Cast: Pain              |   114 |   137 |    80 |    51 ||   382
       Animate Dead      |       |     2 |     7 |    11 ||    20
       Vampiric Draining |       |       |    22 |    72 ||    94
       Frozen Ramparts   |       |       |    13 |    17 ||    30
       Ozocubu's Armour  |       |       |     8 |     9 ||    17
Invok: Draw Destruction  |       |       |     6 |       ||     6
       Draw Summoning    |       |       |     2 |     1 ||     3
       Draw Escape       |       |       |     2 |       ||     2
Evoke: Wand              |       |     4 |    17 |     9 ||    30
  Use: Scroll            |     1 |     7 |     6 |     5 ||    19
 Stab: Sleeping          |       |     1 |     1 |     1 ||     3
       Paralysed         |       |       |     3 |     3 ||     6
       Distracted        |       |       |     1 |     1 ||     2
Armor: Robe              |    15 |    12 |    19 |       ||    46
       Leather armour    |       |       |     5 |    68 ||    73
Dodge: Dodged            |    40 |    26 |   105 |   202 ||   373
Block: Buckler           |       |     5 |    52 |    78 ||   135

Table legend: (Time is in decaauts)
 A = Elapsed time spent in this place.
 B = Non-inter-level travel time spent in this place.
 C = Inter-level travel time spent in this place.
 D = Time resting spent in this place.
 E = Time spent auto-exploring this place.
 F = Levels seen in this place.
 G = Mean time per level.
                   A        B        C        D        E       F      G
               +--------+--------+--------+--------+--------+-----+--------+
         Total |  14434 |  13867 |    567 |   4333 |   7079 |  13 | 1110.3 |
       Dungeon |  13679 |  13131 |    548 |   3956 |   6935 |  10 | 1367.9 |
        Temple |     50 |     31 |     19 |      0 |     22 |   1 |   50.0 |
          Lair |    292 |    292 |      0 |    130 |     88 |   1 |  292.0 |
        Bailey |    412 |    412 |      0 |    247 |     34 |   1 |  412.0 |
               +--------+--------+--------+--------+--------+-----+--------+

Top non-repeatable levels by time:
     D:8: 2157 daAuts
    D:10: 1661 daAuts
     D:3: 1641 daAuts
     D:5: 1544 daAuts
     D:1: 1332 daAuts
     D:9: 1252 daAuts
     D:2: 1204 daAuts
     D:4: 1148 daAuts
     D:6: 1111 daAuts
     D:7: 625 daAuts
  Bailey: 412 daAuts
  Lair:1: 292 daAuts
  Temple: 50 daAuts
